 Dungeon Crawl Stone Soup version 0.31-a0-150-g89dc3ad700 (webtiles) character file.

Game seed: 8578847592077133054

1378 qw the Skirmisher (level 8, -11/71 HPs)
             Began as a Minotaur Hunter on June 8, 2023.
             Was an Initiate of Okawaru.
             Mangled by Duvessa
             ... wielding a +0 short sword
              (13 damage)
             ... on level 4 of the Dungeon.
             The game lasted 00:02:14 (5152 turns).

qw the Skirmisher (Minotaur Hunter)                 Turns: 5152, Time: 00:02:14

Health: -11/71     AC:  7    Str: 16    XL:     8   Next: 39%
Magic:  7/7        EV: 12    Int:  6    God:    Okawaru [......]
Gold:   300        SH:  0    Dex: 16    Spells: 7/7 levels left

rFire   . . .        Y - +2 shortbow
rCold   . . .        (shield currently unavailable)
rNeg    . . .        i - +0 ring mail
rPois   .            (helmet restricted)
rElec   .            (no cloak)
rCorr   .            l - +1 pair of gloves
SInv    .            (no boots)
Will    .....        (no amulet)
Stlth   +            (no ring)
HPRegen 0.31/turn    (no ring)
MPRegen 0.10/turn

%: no passive effects
@: lit by a corona, about to teleport, glowing
A: horns 2, retaliatory headbutt
a: Renounce Religion


You were on level 4 of the Dungeon.
You worshipped Okawaru.
Okawaru was noncommittal.
You visited 2 branches of the dungeon, and saw 6 of its levels.
You also visited: Sewer.

You collected 300 gold pieces.


Innate Abilities, Weirdness & Mutations

You have a pair of horns on your head.
You reflexively headbutt those who attack you in melee.


   Skills:
 + Level 6.9 Fighting
 - Level 10.0 Ranged Weapons
 - Level 2.6 Armour
 - Level 3.1 Dodging
 - Level 0.7 Stealth


You had 7 spell levels left.
You didn't know any spells.
Your spell library was empty.

Inventory:

Hand Weapons
 Y - a +2 shortbow (weapon)
Armour
 i - a +0 ring mail (worn)
 l - a +1 pair of gloves (worn)
Jewellery
 e - a ring of ice
 f - a ring of fire
Scrolls
 a - a scroll of teleportation
 h - a scroll of identify
Potions
 b - 2 potions of might
 c - a potion of attraction {unknown}
 d - 4 potions of curing
 g - 2 potions of cancellation
 j - a potion of degeneration {unknown}
 k - a potion of invisibility {unknown}
 m - a potion of magic {unknown}
 o - a potion of mutation {unknown}

Dungeon Overview and Level Annotations

Branches:
Dungeon (5/15)             Temple (1/1) D:4           Sewer (visited)

Altars:
Ashenzari
Cheibriados
Dithmenos
Elyvilon
Hepliaklqana
Kikubaaqudgha
Makhleb
Okawaru
Ru
Trog
Vehumet
Wu Jian
Xom
Yredelemnul
Zin
The Shining One

Annotations:
D:4 3 runed translucent doors, Duvessa; qw's ghost, amateur GrFi


Message History

You shoot an arrow. The arrow barely misses Duvessa.
Duvessa hits you with a +0 short sword.
You shoot an arrow. The arrow barely misses Duvessa.
Duvessa barely misses you. Duvessa hits you with a +0 short sword.
You shoot an arrow.
The arrow hits Duvessa but does no damage.
Duvessa hits you with a +0 short sword!
Dowan says, "Stay away from my face!"
You shoot an arrow. The arrow closely misses Dowan.
Duvessa gestures with her weapon.
Duvessa hits you with a +0 short sword! Duvessa barely misses you.
Dowan hits you but does no damage.
You shoot an arrow. The arrow barely misses Dowan.
Duvessa barely misses you. You furiously retaliate!
You headbutt Duvessa.
Dowan points at you and mumbles some strange words.
You are outlined in light.
You shoot an arrow. The arrow hits Dowan.
You kill Dowan!
Okawaru accepts your kill.
Duvessa weeps, and shakes her weapon.
Duvessa goes berserk!
Duvessa hits you with a +0 short sword! x2
You shoot an arrow. The arrow hits Duvessa.
Duvessa is lightly wounded.
Duvessa hits you with a +0 short sword!
You shoot an arrow. The arrow barely misses Duvessa.
Duvessa misses you. Duvessa hits you with a +0 short sword!
5149 ||| READING 2 scrolls of teleportation.
As you read the scroll of teleportation, it crumbles to dust.
You feel strangely unstable. Duvessa barely misses you.
You shoot an arrow. The arrow hits Duvessa.
Duvessa is lightly wounded.
Duvessa hits you with a +0 short sword. Duvessa misses you.
You shoot an arrow. The arrow closely misses Duvessa.
Duvessa hits you but does no damage.
You shoot an arrow. The arrow hits Duvessa.
Duvessa is moderately wounded.
Duvessa hits you with a +0 short sword. Duvessa hits you with a +0 short sword!
You die...

##.##.# #.#...#.#
#.#.####
#...#.####..#.#..#
#.#.)..)
#.....[...)..>...#
#.#####.
#...#.####..#.#..###.#
#. ### #.#
#.#...#..##.# #. #.#
#...........#####.
#######.#
#..###...##[......
#.......# #.##
############.
#####.##..### #@# #...
...#.##.......).e...$.#
#...
##.#.##.#############.#
#... #...#...# #...
#..#.#### #... #..#.#
###. #..#)# #. #....#
####. #..#########
.....


You could see Duvessa (berserk, fast).

Vanquished Creatures
  2 yaks (D:5)
  A black bear (D:5)
  2 ogres (D:4)
  3 kobold brigands (Sewer)
  2 scorpions
  Dowan (D:4)
  A howler monkey (D:5)
  2 hounds (D:5)
  2 orc priests
  An orc wizard (D:3)
  3 adders
  11 gnolls
  An ufetubus (D:5)
  5 worms
  4 dart slugs
  8 orcs
  4 bats
  12 endoplasms
  6 giant cockroaches
  5 goblins
  2 hobgoblins
  2 jackals (D:3)
  21 kobolds
  6 quokkas
  9 ball pythons
  2 frilled lizards
  10 rats
128 creatures vanquished.

Notes
Turn   | Place    | Note
-------+----------+-------------------------------------------
     0 | D:1      | qw the Minotaur Hunter began the quest for the Orb.
     0 | D:1      | Reached XP level 1. HP: 18/18 MP: 0/0
     0 | D:1      | 0 ||| qw: Version: 0.2-a-119-g7aa9181
     0 | D:1      | 0 ||| qw: Game counter: 2889
     0 | D:1      | 0 ||| qw: Always use a shield: true
     0 | D:1      | 0 ||| qw: God list: Okawaru
     0 | D:1      | 0 ||| qw: Allow faded altars: false
     0 | D:1      | 0 ||| qw: Do Orc after D:15 true
     0 | D:1      | 0 ||| qw: Do second Lair branch before Depths: true
     0 | D:1      | 0 ||| qw: Lair rune preference: random
     0 | D:1      | 0 ||| qw: Plans: Normal
     0 | D:1      | 0 ||| PLANNING D:1-11
    63 | D:1      | Reached XP level 2. HP: 25/25 MP: 1/1
   108 | D:1      | Reached skill level 5 in Ranged Weapons
   194 | D:1      | Reached skill level 3 in Fighting
   293 | D:1      | Reached XP level 3. HP: 31/31 MP: 2/2
   651 | D:1      | 651 ||| UPGRADING to +0 ring mail.
   661 | D:1      | 661 ||| DROPPING +0 leather armour.
   662 | D:1      | 662 ||| READING 4 scrolls labelled DUIPSEUMOT.
   667 | D:1      | 667 ||| READING scroll labelled OLINID TIT BES.
   668 | D:1      | 668 ||| DROPPING scroll of butterflies.
   834 | D:2      | Reached skill level 1 in Armour
  1141 | D:2      | Reached XP level 4. HP: 38/38 MP: 3/3
  1153 | D:2      | 1153 ||| FLEEEEING.
  1154 | D:2      | 1154 ||| FLEEEEING.
  1155 | D:2      | 1155 ||| FLEEEEING.
  1156 | D:2      | 1156 ||| FLEEEEING.
  1157 | D:2      | 1157 ||| FLEEEEING.
  1250 | D:2      | Reached skill level 6 in Ranged Weapons
  1659 | D:2      | 1659 ||| UPGRADING to +0 pair of gloves.
  1664 | D:2      | 1664 ||| READING scroll labelled LOAFEF EKEREG.
  1665 | D:2      | 1665 ||| READING scroll labelled MOFOEM ZIGEOL.
  1666 | D:2      | 1666 ||| READING scroll labelled WUIC FAOCKUESAYX.
  1667 | D:2      | 1667 ||| DRINKING 3 fuming silvery potions.
  1692 | D:2      | 1692 ||| DROPPING 2 potions of lignification.
  2054 | D:3      | 2054 ||| READING 2 scrolls of identify.
  2054 | D:3      | 2054 ||| IDENTIFYING blue potion
  2162 | D:3      | 2162 ||| DRINKING 2 black potions.
  2260 | D:3      | 2260 ||| DRINKING potion of curing.
  2260 | D:3      | 2260 ||| (to cure confusion)
  2261 | D:3      | 2261 ||| Stepping ~*~*~tactically~*~*~ (outnumbered).
  2273 | D:3      | Reached XP level 5. HP: 45/46 MP: 4/4
  2901 | D:3      | 2901 ||| READING scroll labelled HOJULO ARRO.
  2902 | D:3      | 2902 ||| READING scroll labelled BAWKUSM DIKK.
  2903 | D:3      | 2903 ||| DRINKING 2 white potions.
  2904 | D:3      | 2904 ||| DROPPING potion of enlightenment.
  2937 | D:4      | Noticed an ogre
  2941 | D:4      | Killed an ogre
  2942 | D:4      | Reached skill level 7 in Ranged Weapons
  2942 | D:4      | Reached XP level 6. HP: 52/52 MP: 5/5
  3013 | D:4      | 3013 ||| READING scroll of enchant armour.
  3013 | D:4      | 3013 ||| ENCHANTING +0 pair of gloves.
  3057 | D:4      | Reached skill level 8 in Ranged Weapons
  3141 | D:4      | Found a runed translucent gate.
  3142 | D:4      | Found a runed translucent gate.
  3143 | D:4      | Found a runed translucent gate.
  3182 | D:4      | Noticed qw's ghost (amateur GrFi)
  3222 | D:4      | You fall into a shaft and drop 1 floor!
  3222 | D:5      | Entered Level 5 of the Dungeon
  3233 | D:5      | 3233 ||| PLANNING SEWER
  3262 | D:5      | Reached XP level 7. HP: 43/60 MP: 6/6
  3421 | D:5      | Found a white marble altar of Elyvilon.
  3493 | D:5      | 3493 ||| Stepping ~*~*~tactically~*~*~ (water).
  3507 | D:5      | Found a glowing drain.
  3508 | D:5      | 3508 ||| READING scroll labelled CEUTRU PILISO.
  3512 | D:5      | 3512 ||| Stepping ~*~*~tactically~*~*~ (water).
  3520 | Sewer    | Entered a sewer
  3534 | Sewer    | 3534 ||| Stepping ~*~*~tactically~*~*~ (water).
  3595 | Sewer    | 3595 ||| Stepping ~*~*~tactically~*~*~ (water).
  3617 | Sewer    | 3617 ||| Stepping ~*~*~tactically~*~*~ (water).
  3629 | Sewer    | 3629 ||| Stepping ~*~*~tactically~*~*~ (water).
  3647 | Sewer    | 3647 ||| READING scroll of enchant weapon.
  3647 | Sewer    | 3647 ||| ENCHANTING +1 shortbow.
  3767 | Sewer    | 3767 ||| Stepping ~*~*~tactically~*~*~ (outnumbered).
  3785 | Sewer    | Reached skill level 9 in Ranged Weapons
  3887 | Sewer    | Reached skill level 3 in Dodging
  3967 | Sewer    | 3967 ||| READING scroll labelled QILOUPP EREERO.
  3968 | Sewer    | 3968 ||| READING scroll labelled QUTZUPHODU.
  3969 | Sewer    | 3969 ||| DRINKING 3 fuming inky potions.
  3971 | Sewer    | 3971 ||| Stepping ~*~*~tactically~*~*~ (cloud).
  4099 | Sewer    | 4099 ||| RIP OSSUARY
  4123 | D:5      | 4123 ||| RIP OSSUARY
  4124 | D:5      | 4124 ||| PLANNING D:1-11
  4144 | D:5      | 4144 ||| Stepping ~*~*~tactically~*~*~ (water).
  4165 | D:5      | Noticed a yak
  4167 | D:5      | Noticed a yak
  4169 | D:5      | Noticed a yak
  4170 | D:5      | Noticed a yak
  4171 | D:5      | Noticed a yak
  4180 | D:5      | Killed a yak
  4181 | D:5      | Reached skill level 6 in Fighting
  4181 | D:5      | Reached XP level 8. HP: 31/71 MP: 7/7
  4184 | D:5      | HP: 15/71 [yak (6)]
  4185 | D:5      | 4185 ||| READING 4 scrolls of teleportation.
  4422 | D:5      | HP: 13/71 [yak (12)]
  4423 | D:5      | 4423 ||| READING 3 scrolls of teleportation.
  4785 | D:4      | Reached skill level 10 in Ranged Weapons
  4902 | D:4      | Found a staircase to the Ecumenical Temple.
  4903 | D:4      | 4903 ||| PLANNING TEMPLE
  4912 | Temple   | Entered the Ecumenical Temple
  4945 | Temple   | 4945 ||| PLANNING OKAWARU WORSHIP
  5107 | Temple   | Became a worshipper of Warmaster Okawaru
  5107 | Temple   | 5107 ||| PLANNING D:1-11
  5133 | D:4      | Noticed Duvessa
  5133 | D:4      | Noticed Dowan
  5146 | D:4      | Killed Dowan
  5148 | D:4      | HP: 11/71 [Duvessa/+0 short sword (7)]
  5149 | D:4      | 5149 ||| READING 2 scrolls of teleportation.
  5152 | D:4      | HP: 2/71 [Duvessa/+0 short sword (4)]
  5152 | D:4      | Mangled by Duvessa

Levels and vault maps discovered:
D:1:      erik_arrival_cave_to_civilisation [erik_arrival_cave_to_hall],
          layout_basic, minmay_heptomino_d4
D:2:      layout_loops_corners, kennysheep_generic_room_16
D:3:      layout_basic, minmay_puff
D:4:      layout_loops_ring, minmay_temple_entry_crystal_x, gammafunk_ghost_icy,
          uniq_eustachio, uniq_duvessa, uniq_crazy_yiuf_cottage
D:5:      layout_loops_ring, elyvilon_altar_4,
          nicolae_ossuary_entry_false_entrances, gup_sewer_entry_pipe
Temple:   nicolae_temple_bog_church

Skill      XL: |  1  2  3  4  5  6  7  8 |
---------------+-------------------------+-----
Ranged Weapons | 5 6 7 8 9 10 | 10.0
Fighting       | 3 4 6 |  6.9
Armour         | 1 2 |  2.6
Dodging        | 3 |  3.1
Stealth        | |  0.7

Action                     |  1- 3 |  4- 6 |  7- 9 || total
---------------------------+-------+-------+-------++-------
   Fire: Shortbow          |    96 |   176 |   191 ||   463
    Use: Scroll            |     2 |     7 |     7 ||    16
         Potion            |       |     4 |     1 ||     5
 Armour: Leather armour    |     2 |       |       ||     2
         Ring mail         |     6 |    20 |    34 ||    60
  Dodge: Dodged            |    14 |    48 |    67 ||   129

Table legend:
 A = Non-vault XP
 B = Vault XP
 C = Vault XP percentage of total XP
 D = Non-vault monster count
 E = Vault monster count
 F = Vault count percentage of total count
                 A         B        C        D         E       F
            +---------+---------+-------+---------+---------+-------
      Total |    1520 |     449 |  22.8 |      93 |      35 |  27.3
            +---------+---------+-------+---------+---------+-------
        D:1 |      45 |       7 |  13.5 |      22 |       4 |  15.4
        D:2 |     106 |       3 |   2.8 |      26 |       3 |  10.3
        D:3 |     142 |      13 |   8.4 |      14 |       5 |  26.3
        D:4 |     456 |      72 |  13.6 |      19 |       1 |   5.0
        D:5 |     771 |      10 |   1.3 |      12 |       5 |  29.4
      Sewer |       0 |     344 | 100.0 |       0 |      17 | 100.0
            +---------+---------+-------+---------+---------+-------
